Map: Ephemeron LE

Players

LiquidMaNa (MaNa)

  • Race: Protoss Protoss
  • League: Grandmaster
  • Spawn Location: 11:00

Denver - Winner!

  • Race: Zerg Zerg
  • League: Master
  • Spawn Location: 5:00

Event: HomeStory Cup XX

VOD

Have the link to the VOD?

Description

Time

  • Played on: Nov. 21, 2019, 11:36 a.m.
  • Length: 9:01

All games in this series

Show
View Real Time Build Order
Export as new Build Order

LiquidMaNa Protoss 

Build Orders: 1 Gate Expand, Oracle Opening, Phoenix Opening 

Get SALT Encoding   

  12  0:00  Probe  
  13  0:12  Pylon  
  13  0:13  Probe  
  14  0:21  Probe  
  15  0:31  Probe  
  16  0:40  Gateway  
  16  0:44  Probe  
  16  0:49  Assimilator  
  17  0:54  Probe  
  18  1:02  Probe  
  18  1:10  Probe  
  20  1:30  Nexus  
  20  1:37  Cybernetics Core  
  20  1:40  Probe  
  20  1:46  Assimilator  
  21  1:52  Probe  
  22  1:56  Pylon  
  22  2:04  Probe  
  22  2:05  Stalker  
  25  2:16  Warp Gate, Probe  
  26  2:29  Stargate  
  26  2:33  Probe  
  26  2:37  Adept  
  26  2:41  Probe  
  26  2:42  Probe  
  29  2:49  Probe  
  30  2:54  Probe  
  32  2:59  Probe  
  32  3:04  Phoenix  
  33  3:06  Probe  
  33  3:11  Probe  
  37  3:18  Probe  
  38  3:21  Gateway  
  38  3:24  Probe  
  39  3:28  Stargate  
  39  3:30  Probe  
  40  3:36  Probe  
  40  3:40  Oracle  
  43  3:41  Pylon  
  43  3:42  Probe  
  43  3:48  Assimilator, Probe  
  44  3:50  Assimilator  
  46  3:59  Probe  
  46  4:01  Probe, Robotics Facility  
  48  4:09  Adept  
  50  4:11  Probe  
  52  4:18  Pylon, Oracle  
  52  4:22  Pylon  
  54  4:34  Pylon  
  54  4:36  Probe x2  
  54  4:37  Sentry x2  
  60  4:45  Immortal  
  60  4:48  Probe x2  
  64  5:01  Probe  
  64  5:02  Nexus  
  65  5:08  Forge  
  65  5:10  Twilight Council  
  65  5:13  Probe  
  65  5:14  Probe  
  67  5:19  Observer  
  67  5:24  Sentry x2, Nexus  
  67  5:25  Probe  
  67  5:26  Probe  
  74  5:28  Pylon  
  74  5:31  Pylon  
  74  5:32  Pylon  
  74  5:35  Protoss Ground Weapons Level 1  
  74  5:36  Charge  
  74  5:37  Probe  
  74  5:38  Probe  
  74  5:39  Pylon  
  74  5:49  Probe  
  74  5:50  Probe, Zealot  
  74  5:55  Gateway  
  77  5:57  Immortal  
  77  6:04  Gateway  
  77  6:11  Zealot  
  83  6:16  Zealot  
  81  6:26  Shield Battery  
  81  6:31  Zealot  
  77  6:38  Zealot  
  67  6:52  Probe, Zealot x2  
  66  6:57  Templar Archives  
  66  6:59  Zealot x2  
  64  7:09  Probe  
  64  7:12  Zealot x2  
  64  7:15  Probe  
  68  7:21  Zealot  
  69  7:28  Zealot  
  69  7:29  Probe  
  58  7:35  Zealot  
  56  7:46  Pylon  
  56  7:47  Probe  
  57  7:58  High Templar x2  
  61  8:03  Warp Prism, Archon  
  61  8:09  Probe  
  60  8:17  Probe  
  61  8:21  Probe  
  62  8:29  Probe  
  62  8:30  High Templar x2  
  62  8:31  Pylon  
  62  8:33  Probe  
  68  8:37  Archon  
  62  8:41  Probe  
  62  8:45  Probe  
  62  8:48  Sentry  
  70  8:59  Gateway  
Show
View Real Time Build Order
Export as new Build Order

Denver Zerg - Winner!

Build Orders: Hatch First 

Get SALT Encoding   

  12  0:00  Drone  
  13  0:12  Overlord  
  13  0:16  Drone  
  14  0:30  Drone  
  14  0:31  Drone  
  16  0:51  Hatchery, Drone  
  16  0:55  Drone  
  17  0:59  Drone  
  18  1:08  Extractor  
  17  1:13  Spawning Pool  
  17  1:17  Drone  
  17  1:21  Drone  
  18  1:28  Drone  
  19  1:38  Drone  
  20  1:49  Drone  
  21  2:00  Zergling x2  
  22  2:02  Queen  
  22  2:03  Queen  
  22  2:04  Zergling x2  
  27  2:11  Overlord  
  27  2:17  Drone  
  28  2:32  Hatchery  
  28  2:35  Drone  
  28  2:37  Drone  
  28  2:39  Drone  
  28  2:43  Pneumatized Carapace  
  30  2:44  Drone  
  30  2:45  Drone  
  30  2:51  Overlord  
  32  2:53  Drone  
  32  2:58  Drone  
  34  3:00  Metabolic Boost  
  34  3:05  Drone  
  35  3:10  Drone x2  
  35  3:11  Drone  
  38  3:14  Drone  
  38  3:19  Queen  
  41  3:23  Overlord  
  41  3:28  Drone x2  
  43  3:38  Overlord  
  43  3:41  Queen  
  43  3:42  Overlord  
  43  3:45  Drone  
  43  3:46  Drone  
  47  3:49  Drone  
  47  3:50  Drone  
  47  3:52  Drone  
  47  3:55  Overlord  
  50  3:57  Drone  
  51  4:03  Drone  
  51  4:04  Drone x2, Evolution Chamber  
  51  4:08  Overlord  
  53  4:12  Drone x3  
  53  4:17  Spore Crawler  
  55  4:19  Queen  
  55  4:22  Zergling x4  
  58  4:27  Zergling x4  
  60  4:31  Lair  
  60  4:32  Zerg Melee Weapons Level 1  
  60  4:34  Spore Crawler  
  60  4:36  Zergling x4  
  61  4:39  Spore Crawler  
  61  4:43  Drone x3  
  61  4:44  Drone  
  58  4:53  Overlord  
  58  4:57  Zergling x14  
  58  4:58  Zergling x2  
  65  5:03  Queen  
  67  5:07  Overlord  
  67  5:13  Queen  
  69  5:16  Zergling x10  
  72  5:22  Zergling x2  
  72  5:23  Zergling x4  
  74  5:34  Zergling x2  
  74  5:35  Zergling x8  
  75  5:44  Zergling x10, Hydralisk Den  
  78  5:51  Zergling x6  
  78  5:52  Overlord  
  78  5:54  Overlord  
  78  5:56  Overlord  
  81  5:57  Overlord  
  81  6:05  Overlord x2  
  81  6:08  Extractor x2  
  79  6:16  Drone x7  
  85  6:25  Zergling x6  
  86  6:30  Zergling x10  
  87  6:34  Zergling x2  
  87  6:35  Zergling x2  
  83  6:43  Zergling x6  
  83  6:44  Queen  
  85  6:50  Zergling x4  
  85  6:52  Queen  
  85  6:54  Grooved Spines  
  85  6:55  Extractor  
  85  6:56  Extractor  
  85  6:57  Drone  
  85  6:58  Drone x2  
  86  7:05  Drone x4  
  86  7:06  Queen, Drone  
  94  7:08  Drone x4  
  94  7:10  Overlord  
  93  7:17  Drone x2  
  93  7:20  Queen  
  93  7:21  Zergling x2  
  89  7:26  Drone x2  
  89  7:29  Hydralisk x3  
  85  7:35  Hydralisk x2  
  85  7:36  Hydralisk  
  95  7:42  Hydralisk x2  
  99  7:48  Hydralisk x2  
  103  7:53  Hydralisk x2  
  106  7:59  Hydralisk x3  
  106  8:05  Hydralisk  
  111  8:07  Overlord  
  111  8:09  Overlord  
  111  8:10  Overlord  
  108  8:13  Overlord  
  108  8:16  Overlord  
  108  8:18  Overlord  
  108  8:19  Overlord  
  107  8:28  Zergling x14  
  114  8:38  Zergling x14  
  121  8:51  Baneling Nest  
  121  8:54  Lurker Den  
  121  8:55  Extractor  
  122  8:57  Hatchery  
Tags
 
Add a new tag
Caveats
  • Supply blocks, unpowered buildings, or Contaminate may cause inaccurate times.
  • Supply counts are checked every 10 seconds.